 Dungeon Crawl Stone Soup version 0.27-a0-1081-ge8a0a9c698 (webtiles) character file.

Game seed: 1049478746038197524

7142 tardwrangler69 the Spear-Bearer (level 11, -6/92 HPs)
             Began as a Merfolk Gladiator on Apr 25, 2021.
             Was a Priest of Okawaru.
             Killed by refrigeration
             ... invoked by Fannar
              (29 damage)
             ... on level 10 of the Dungeon.
             The game lasted 00:14:38 (13288 turns).

tardwrangler69 the Spear-Bearer (MfGl)             Turns: 13288, Time: 00:14:39

Health: -6/92      AC: 18    Str: 17    XL:     11   Next: 10%
Magic:  8/11       EV: 18    Int: 11    God:    Okawaru [***...]
Gold:   854        SH: 13    Dex: 16    Spells: 10/10 levels left

rFire    . . .     SeeInvis .   a - +0 trident
rCold    . . .     Faith    .   D - +0 kite shield
rNeg     . . .     Spirit   .   h - +0 acid dragon scales
rPois    +         Reflect  .   c - +0 helmet
rElec    .         Harm     .   (no cloak)
rCorr    +         Rampage  .   w - +1 pair of gloves of Agnosticism {rPois Int+3}
Will     .....                  (no boots)
Stlth    +++.......             (no amulet)
HPRegen  0.25/turn              g - +4 ring of protection
MPRegen  0.12/turn              u - +4 ring of protection

@: heroic
A: (nimble swimmer 2), mertail
a: Renounce Religion, Heroism


You were on level 10 of the Dungeon.
You worshipped Okawaru.
Okawaru was most pleased with you.
You visited 1 branch of the dungeon, and saw 10 of its levels.
You also visited: Bailey.

You collected 854 gold pieces.

Inventory:

Hand Weapons
 a - a +0 trident (weapon)
 s - the +7 dagger of a Billion Artists {holy, *Slow rN+ Will+}
   (You found it on level 4 of the Dungeon)

   It has been blessed by the Shining One to cause great damage to the undead
   and demons.
   It protects you from negative energy.
   It may slow you when you take damage.
   It increases your willpower.
Missiles
 d - 5 throwing nets (quivered)
Armour
 c - a +0 helmet (worn)
 h - +0 acid dragon scales (worn)
 t - the +5 fire dragon scales "Ceoste" {Rampage rPois rF++ rC-}
   (You found it in a bailey)

   It greatly protects you from fire.
   It makes you vulnerable to cold.
   It protects you from poison.
   It bestows one free step when moving towards enemies.
 w - the +1 pair of gloves of Agnosticism (worn) {rPois Int+3}
   (You found it in a bailey)

   It affects your intelligence (+3).
   It protects you from poison.
 D - a +0 kite shield (worn)
 J - +0 steam dragon scales
Jewellery
 g - a +4 ring of protection (left hand)
 o - a +6 ring of dexterity
 u - a +4 ring of protection (right hand)
 K - a ring of flight
Wands
 F - a wand of digging (5)
Scrolls
 b - a scroll of acquirement {unknown}
 e - 3 scrolls of fog {unknown}
 i - 5 scrolls of enchant weapon {unknown}
 j - a scroll of noise {unknown}
 m - 2 scrolls of blinking {unknown}
 q - a scroll of vulnerability {unknown}
 r - 2 scrolls of fear {unknown}
 v - a scroll of teleportation {unknown}
 x - 6 scrolls of identify
 y - a scroll of torment {unknown}
 z - 2 scrolls of summoning {unknown}
 G - 3 scrolls of amnesia {unknown}
 H - a scroll of immolation {unknown}
 L - a scroll of enchant armour {unknown}
Potions
 f - 3 potions of curing
 k - 2 potions of haste {unknown}
 l - 2 potions of brilliance {unknown}
 p - 2 potions of mutation {unknown}
 A - a potion of flight {unknown}
 B - 2 potions of might {unknown}
 C - a potion of magic {unknown}
 E - a potion of attraction {unknown}
 I - a potion of lignification {unknown}


   Skills:
 + Level 10.7(15.7) Fighting
 - Level 14.0(19.0) Polearms
 - Level 2.0(7.0) Throwing
 - Level 8.7(13.7) Dodging
 + Level 7.4(12.4) Shields


You had 10 spell levels left.
You didn't know any spells.
Your spell library contained the following spells:

 Spells                   Type           Power      Damage    Failure   Level
 Animate Skeleton         Necr           0%         N/A       54%         1
 Apportation              Tloc           0%         N/A       54%         1
 Corona                   Hex            0%         N/A       54%         1
 Summon Small Mammal      Summ           0%         N/A       54%         1


Dungeon Overview and Level Annotations

Branches:
Dungeon (10/15)            Temple (0/1) D:7            Lair (0/6) D:9
 Bailey (visited)
    Orc: D:9-12

Altars:
Cheibriados
Gozag
Nemelex Xobeh
Okawaru
Vehumet
Zin
The Shining One

Annotations:
D:10 Fannar


Innate Abilities, Weirdness & Mutations

((You are quick and stealthy near water. (Stealth+, EV+, Speed+++)))
Your lower body shifts to a powerful aquatic tail in water.


Message History

Fannar casts a spell at you.
The bolt of cold hits you but does no damage.
You puncture Fannar!
Fannar is moderately wounded.
Fannar hits you but does no damage. Fannar freezes you.
You closely miss Fannar.
Fannar is moderately wounded.
You hit Fannar.
Fannar is heavily wounded.
You block Fannar's attack.
You impale Fannar!!
Fannar is severely wounded.
Fannar completely misses you.
You puncture Fannar!
Fannar is severely wounded.
You miss Fannar.
Fannar is severely wounded.
Fannar murmurs some mystic words to themself.
Fannar hits you with a staff of cold. Fannar freezes you.
You hit Fannar.
Fannar is almost dead.
You feel like a meek peon again.
Fannar points at you and mumbles some strange words.
The bolt of cold hits you!!
You fail to use your ability.
Fannar hits you with a staff of cold. Fannar freezes you!
* * * LOW HITPOINT WARNING * * *
You gain the combat prowess of a mighty hero.
Fannar closely misses you.
You puncture Fannar!
Fannar is almost dead.
You barely miss Fannar.
Fannar is almost dead.
Fannar hits you but does no damage. Fannar freezes you.
* * * LOW HITPOINT WARNING * * *
You hit Fannar.
Fannar is almost dead.
Fannar gestures wildly while chanting.
Fannar drains the heat from the surrounding environment!
You die...

#[
#######.###
#.........#
.........#
.... ...##
##.## ...
####...###e#
#.#..≈..##@#
#...≈≈≈....#
#.#..≈..#..#
##...###.#
####.## #.#
##.#..#..#.#
#........#.#
##.####.##.#
#<# ....#


You could see Fannar.

Vanquished Creatures
  A hydra (D:7)
  2 orc knights (Bailey)
  A cyclops (D:8)
  Psyche (D:8)
  2 slime creatures (D:5)
  A wyvern (D:7)
  2 steam dragons (D:7)
  An acid dragon (D:9)
  3 water moccasins
  An ice beast (D:7)
  2 orc warriors
  A black bear (D:7)
  6 sky beasts
  A necrophage (D:7)
  10 centaurs
  An ogre (D:5)
  3 kobold brigands
  2 bullfrogs (D:7)
  3 gnoll sergeants
  A scorpion (D:7)
  A wyvern zombie (D:8)
  A wyvern skeleton (D:7)
  3 howler monkeys
  4 wights
  A bullfrog zombie (D:5)
  A centaur zombie (D:8)
  6 hounds
  4 jellies
  2 centaur skeletons
  3 orc priests
  An iguana (D:6)
  3 orc wizards
  A hound skeleton (D:4)
  13 gnolls
  5 adders
  A shadow imp (D:7)
  2 ufetubi
  4 dart slugs
  30 orcs
  3 ball pythons
  12 endoplasms
  A giant cockroach (D:2)
  11 goblins
  4 hobgoblins
  4 jackals
  17 kobolds
  6 quokkas
  4 bats
  4 frilled lizards
  5 rats
202 creatures vanquished.

Vanquished Creatures (others)
  A butterfly (D:7)
  9 fungi (D:5)
  2 plants (D:4)
  6 toadstools (D:5)
18 creatures vanquished.

Grand Total: 220 creatures vanquished

Notes
Turn   | Place    | Note
-------+----------+-------------------------------------------
     0 | D:1      | tardwrangler69 the Merfolk Gladiator began the quest for
                  | the Orb.
     0 | D:1      | Reached XP level 1. HP: 16/16 MP: 1/1
   260 | D:1      | You fall into a shaft and drop 1 floor!
   267 | D:2      | Reached XP level 2. HP: 23/23 MP: 2/2
   437 | D:2      | Reached skill level 5 in Polearms
   512 | D:1      | Reached XP level 3. HP: 28/28 MP: 3/3
  1607 | D:2      | Reached XP level 4. HP: 34/34 MP: 4/4
  1721 | D:2      | Found a faded altar of an unknown god.
  1926 | D:3      | Reached skill level 6 in Polearms
  2418 | D:4      | Reached skill level 5 in Dodging
  2419 | D:4      | Reached XP level 5. HP: 23/41 MP: 5/5
  2597 | D:4      | Noticed a centaur
  2606 | D:4      | Killed a centaur
  2607 | D:4      | Reached skill level 7 in Polearms
  2730 | D:4      | Found a glowing silver altar of Zin.
  2771 | D:4      | Reached XP level 6. HP: 48/48 MP: 6/6
  3587 | D:4      | Identified the +7 dagger of a Billion Artists {holy, *Slow
                  | rN+ Will+}
  3595 | D:5      | Entered Level 5 of the Dungeon
  3672 | D:5      | Reached skill level 8 in Polearms
  3750 | D:5      | Noticed a slime creature
  3751 | D:5      | Noticed a slime creature
  3770 | D:5      | Killed a slime creature
  3771 | D:5      | Reached skill level 9 in Polearms
  3771 | D:5      | Reached XP level 7. HP: 38/55 MP: 7/7
  4138 | D:5      | Reached skill level 5 in Fighting
  4401 | D:5      | Reached XP level 8. HP: 26/62 MP: 8/8
  4795 | D:5      | Reached skill level 10 in Polearms
  4977 | D:5      | Killed a slime creature
  4983 | D:5      | Reached skill level 11 in Polearms
  5460 | D:5      | Paralysed by a gnoll for 3 turns
  5734 | D:6      | Reached XP level 9. HP: 58/71 MP: 9/9
  5992 | D:6      | Reached skill level 12 in Polearms
  6237 | D:6      | Found an iron altar of Okawaru.
  6293 | D:6      | Became a worshipper of Warmaster Okawaru
  7124 | D:7      | Reached skill level 1 in Shields
  7176 | D:7      | Reached skill level 13 in Polearms
  7201 | D:7      | Reached * piety under Okawaru
  7422 | D:7      | Noticed a seven-headed hydra
  7965 | D:7      | Killed a seven-headed hydra
  7965 | D:7      | Reached ** piety under Okawaru
  7966 | D:7      | Reached skill level 14 in Polearms
  7966 | D:7      | Reached XP level 10. HP: 24/82 MP: 7/10
  8344 | D:7      | Found a staircase to the Ecumenical Temple.
  8787 | D:7      | Reached *** piety under Okawaru
  9123 | D:7      | Found a radiant altar of Vehumet.
  9334 | D:7      | Reached skill level 5 in Shields
 10053 | D:8      | Noticed a cyclops
 10068 | D:8      | Killed a cyclops
 10457 | D:8      | Noticed Psyche
 10474 | D:8      | Killed Psyche
 10482 | D:8      | Reached **** piety under Okawaru
 10648 | D:8      | Found a sparkling altar of Nemelex Xobeh.
 10833 | D:9      | Reached skill level 10 in Fighting
 10834 | D:9      | Found a staircase to the Lair.
 11245 | D:9      | Found a flagged portal.
 11250 | Bailey   | Entered a bailey
 11356 | Bailey   | Noticed an orc knight
 11356 | Bailey   | Noticed an orc knight
 11358 | Bailey   | Noticed an orc knight
 11358 | Bailey   | Noticed an orc knight
 11668 | Bailey   | Killed an orc knight
 11669 | Bailey   | Reached XP level 11. HP: 92/92 MP: 11/11
 11669 | Bailey   | Killed an orc knight
 12636 | Bailey   | Identified the +5 fire dragon scales "Ceoste" {Rampage
                  | rPois rF++ rC-}
 12639 | Bailey   | Identified the +1 pair of gloves of Agnosticism {rPois
                  | Int+3}
 13093 | D:9      | Found a snail-covered altar of Cheibriados.
 13097 | D:9      | Found an opulent altar of Gozag.
 13102 | D:9      | Found a glowing golden altar of the Shining One.
 13254 | D:10     | Entered Level 10 of the Dungeon
 13268 | D:10     | Noticed Fannar
 13288 | D:10     | Killed from afar by Fannar

Illustrated notes

Levels and vault maps discovered:
D:1:      evilmike_arrival_hilbert_curve, layout_basic
D:2:      minmay_alternating_diamond, layout_loops_ring,
          shapermc_ecumenical_altar_flowoftime, grunt_decor_fettered
D:3:      layout_rooms
D:4:      layout_basic, overflow_temple_1_default, serial_bayou_ford_a,
          corexii_item_surrounded_by_moat, grunt_ministairs_1,
          roderic_roman_lattice
D:5:      cheibrodos_fertilizer, layout_rooms, lightli_minifort
D:6:      layout_basic, okawaru_gym_becter
D:7:      wad_guarded_room, layout_basic, amcnicky_altar_gilded,
          minmay_temple_entry_butterflies
D:8:      layout_basic, general_overflow_altar, uniq_psyche
D:9:      layout_big_octagon, grunt_temple_overflow_diamond, lair_entry_dummy,
          enter_bailey_3
D:10:     layout_basic, minitemple, zombieorc2_lemuel, amcnicky_mini_pool_small,
          hangedman_decor_opposing, uniq_snorg, uniq_fannar

Skill      XL: |  1  2  3  4  5  6  7  8  9 10 |
---------------+-------------------------------+-----
Polearms       | 5 6 7 9 11 14 | 14.0
Fighting       | 3 4 5 6 8 10 | 10.7
Dodging        | 5 6 7 8 |  8.7
Shields        | 3 7 |  7.4
Throwing       | |  2.0

Action                   |  1- 3 |  4- 6 |  7- 9 | 10-12 || total
-------------------------+-------+-------+-------+-------++-------
Melee: Trident           |   104 |   162 |   437 |   362 ||  1065
       Tailslap          |       |     3 |       |       ||     3
Invok: Heroism           |       |       |     1 |    10 ||    11
Evoke: Wand              |       |       |     3 |    17 ||    20
  Use: Scroll            |       |       |     3 |       ||     3
       Potion            |       |       |     1 |     2 ||     3
 Stab: Sleeping          |     4 |     2 |     1 |     1 ||     8
       Distracted        |       |       |       |     1 ||     1
Armor: Leather armour    |    23 |    57 |   131 |    21 ||   232
       Steam dragon scal |       |       |       |    39 ||    39
       Acid dragon scale |       |       |       |     9 ||     9
Dodge: Dodged            |    46 |    89 |   202 |   166 ||   503
Block: Kite shield       |       |       |    72 |   165 ||   237

Table legend: (Time is in decaauts)
 A = Elapsed time spent in this place.
 B = Non-inter-level travel time spent in this place.
 C = Inter-level travel time spent in this place.
 D = Time resting spent in this place.
 E = Time spent auto-exploring this place.
 F = Levels seen in this place.
 G = Mean time per level.
                   A        B        C        D        E       F      G
               +--------+--------+--------+--------+--------+-----+--------+
         Total |  13054 |  12666 |    388 |    979 |   9731 |  11 | 1186.7 |
       Dungeon |  11369 |  10981 |    388 |      0 |   9340 |  10 | 1136.9 |
        Bailey |   1685 |   1685 |      0 |    979 |    391 |   1 | 1685.0 |
               +--------+--------+--------+--------+--------+-----+--------+

Top non-repeatable levels by time:
     D:7: 2638 daAuts
     D:5: 1771 daAuts
  Bailey: 1685 daAuts
     D:8: 1430 daAuts
     D:4: 1354 daAuts
     D:6: 1204 daAuts
     D:2: 1055 daAuts
     D:1: 842 daAuts
     D:3: 589 daAuts
     D:9: 454 daAuts
    D:10: 28 daAuts
